 Dungeon Crawl Stone Soup version 0.28.0-53-g5a82cb258f (webtiles) character file.

Game seed: 3029019801275107885

183 styxcanada the Covert (level 5, 0/26 HPs)
             Began as a Spriggan Brigand on July 5, 2022.
             Succumbed to an adder's poison
             ... on level 5 of the Dungeon.
             The game lasted 00:10:22 (2199 turns).

styxcanada the Covert (Spriggan Brigand)            Turns: 2199, Time: 00:10:23

Health: 0/26       AC:  3    Str:  7    XL:     5   Next: 35%
Magic:  16/16      EV: 17    Int: 13    God:
Gold:   141        SH:  0    Dex: 18    Spells: 5/6 levels left

rFire   . . .      SeeInvis +   h - +1 short sword (protect)
rCold   . . .      Faith    .   (no shield)
rNeg    . . .      Spirit   .   b - +0 robe
rPois   .          Reflect  .   (helmet restricted)
rElec   .          Harm     .   c - +0 cloak
rCorr   .          Rampage  .   (gloves unavailable)
Will    +....                   (boots unavailable)
Stlth   ++++......              (no amulet)
HPRegen 0.08/turn               k - ring of willpower
MPRegen 0.15/turn               m - ring of magical power

@: lethally poisoned (0 -> -4), very quick
A: very small, no large weapons, unfitting armour, see invisible, speed 3
a: no special abilities


You were on level 5 of the Dungeon.
You visited 1 branch of the dungeon, and saw 4 of its levels.

You collected 141 gold pieces.

Inventory:

Hand Weapons
 a - a +2 dagger
 h - a +1 short sword of protection (weapon)
Missiles
 d - 9 poisoned darts (quivered)
 e - 2 curare-tipped darts
 i - 39 stones
 o - 22 sling bullets
Armour
 b - a +0 robe (worn)
 c - a +0 cloak (worn)
Jewellery
 k - a ring of willpower (left hand)
 m - a ring of magical power (right hand)
Scrolls
 g - 3 scrolls of identify {unknown}
 j - a scroll of enchant armour {unknown}
 n - a scroll of vulnerability {unknown}
Potions
 f - a potion of attraction {unknown}
 l - a potion of resistance {unknown}


   Skills:
 * Level 2.0 Fighting
 + Level 3.3 Short Blades
 + Level 2.4 Throwing
 * Level 2.3 Dodging
 * Level 8.2 Stealth
 * Level 1.0 Spellcasting
 * Level 0.4 Earth Magic


You had 5 spell levels left.
You knew the following spells:

 Your Spells              Type           Power      Damage    Failure   Level
a - Sandblast             Erth           2%         2d4       24%         1

Your spell library contained the following spells:

 Spells                   Type           Power      Damage    Failure   Level
 Beastly Appendage        Tmut           0%         N/A       28%         1
 Passwall                 Tmut/Erth      0%         N/A       36%         2
 Corpse Rot               Necr/Air       0%         N/A       38%         2
 Poisonous Vapours        Pois/Air       0%         N/A       38%         2
 Wereblood                Tmut           0%         N/A       38%         2
 Stone Arrow              Conj/Erth      2%         3d7       61%         3
 Spider Form              Tmut/Pois      0%         N/A       63%         3


Dungeon Overview and Level Annotations

Branches:
Dungeon (3/15)

Altars:
Ashenzari

Shops:
D:1 !


Innate Abilities, Weirdness & Mutations

You are very small and have problems with some larger weapons.
You are too small for most types of armour.
You have supernaturally acute eyesight. (SInv)
You cover ground extremely quickly. (Speed+++)


Message History

The gnoll is severely wounded.
The hound zombie completely misses you. The gnoll hits you with a +0 flail!
You hit the gnoll but do no damage.
The gnoll is severely wounded.
The hound zombie closely misses you.
The hound zombie bites you but does no damage.
You hit the gnoll.
You kill the gnoll!
The hound zombie closely misses you.
Your Spellcasting skill increases to level 1!
You barely miss the hound zombie. The hound zombie bites you.
* * * LOW HITPOINT WARNING * * *
The orc shouts!
You hit the hound zombie.
The hound zombie is lightly damaged.
The hound zombie closely misses you. The hound zombie barely misses you.
The hound zombie misses you.
A black bear and a hound come into view.
The black bear growls angrily.
The black bear closely misses you. The black bear claws you.
* * * LOW HITPOINT WARNING * * *
The black bear claws you.
* * * LOW HITPOINT WARNING * * *
Found 6 gold pieces. 2 adders come into view.
The adder hisses angrily. x2
An iguana comes into view.
The adder completely misses you. The adder completely misses you.
The iguana hisses angrily.
The adder bites you.
* * * LOW HITPOINT WARNING * * *
You are lethally poisoned!
The adder poisons you!
* * * LOW HITPOINT WARNING * * *
You feel sick.
* * * LOW HITPOINT WARNING * * *
You feel sick.
You die...

################
...#.....#.....#
...#.?...#.h.S.#
#o.#..#h.#..#l.#
#..#..#..#..#.S###+#
#.....#.....#......#
#.....#.....#...@..#
####################
..............
...............
################
#Z... ..... ..$.
#..... ..h. ...
#..#oY# #..#.o#


You could see an iguana, a hound and 2 adders.

Vanquished Creatures
  A jelly (D:2)
  Robin (D:3)
  An adder (D:2)
  5 gnolls
  A shadow imp (D:3)
  A worm (D:3)
  3 orcs (D:3)
  5 bats
  2 endoplasms (D:1)
  2 giant cockroaches
  19 goblins
  9 hobgoblins
  5 kobolds
  4 quokkas
  4 ball pythons
  3 frilled lizards
  3 rats (D:2)
69 creatures vanquished.

Vanquished Creatures (others)
  A plant (D:1)
1 creature vanquished.

Grand Total: 70 creatures vanquished

Notes
Turn   | Place    | Note
-------+----------+-------------------------------------------
     0 | D:1      | styxcanada the Spriggan Brigand began the quest for the
                  | Orb.
     0 | D:1      | Reached XP level 1. HP: 10/10 MP: 2/2
    19 | D:1      | Reached skill level 6 in Stealth
    30 | D:1      | Found Medecid's Distillery.
    84 | D:1      | Reached XP level 2. HP: 10/14 MP: 3/3
   827 | D:2      | Reached skill level 7 in Stealth
   827 | D:2      | Reached XP level 3. HP: 18/18 MP: 4/4
   926 | D:2      | Learned a level 1 spell: Sandblast
  1183 | D:2      | Reached XP level 4. HP: 22/23 MP: 5/5
  1538 | D:3      | Found a broken altar of Ashenzari.
  1562 | D:3      | Noticed Robin
  1602 | D:3      | Killed Robin
  1619 | D:3      | Reached skill level 8 in Stealth
  1771 | D:3      | Identified the +7 trident "Migeig" {vamp, Fly rF- rN+
                  | Str+3}
  1943 | D:3      | Reached XP level 5. HP: 21/26 MP: 7/7
  2161 | D:3      | You fall into a shaft and drop 2 floors!
  2161 | D:5      | Entered Level 5 of the Dungeon
  2163 | D:5      | Noticed an ice beast
  2179 | D:5      | Reached skill level 1 in Spellcasting
  2186 | D:5      | Noticed a black bear
  2198 | D:5      | HP: 1/26 [poisoned by an adder]
  2199 | D:5      | Succumbed to an adder's poison

Illustrated notes

Levels and vault maps discovered:
D:1:      dpeg_arrival_connections, layout_rooms, serial_shops, shop_statue,
          serial_bayou_pond_d
D:2:      layout_rooms
D:3:      layout_rooms, mainiacjoe_overflow_chevrons, hex_tiny, uniq_robin
D:5:      kennysheep_windowed_halls, layout_basic,
          nicolae_gozag_cash_rules_everything_around_me

Skill      XL: |  1  2  3  4  5 |
---------------+----------------+-----
Stealth        | 6 7 8 |  8.2
Short Blades   | 3 |  3.3
Dodging        | 2 |  2.3
Fighting       | 2 |  2.0
Spellcasting   | 1 |  1.0
Throwing       | |  2.4
Earth Magic    | |  0.4

Action                   |  1- 3 |  4- 6 || total
-------------------------+-------+-------++-------
Melee: Dagger            |    50 |       ||    50
       Short sword       |    43 |   108 ||   151
Throw: Dart              |    11 |    19 ||    30
 Stab: Sleeping          |    10 |     4 ||    14
Armor: Robe              |    13 |    19 ||    32
Dodge: Dodged            |    70 |    69 ||   139
